 Dungeon Crawl Stone Soup version 0.29.1-12-g30fa7ad0bf (webtiles) character file.

Game seed: 385290534578230187

20 Radix the Sneak (level 3, 0/19 HPs)
             Began as a Kobold Enchanter on Dec 18, 2022.
             Slain by Natasha (6 damage)
             ... on level 2 of the Dungeon.
             The game lasted 00:05:37 (1279 turns).

Radix the Sneak (Kobold Enchanter)                  Turns: 1279, Time: 00:05:38

Health: 0/19       AC:  3    Str:  5    XL:     3   Next: 0%
Magic:  6/6        EV: 15    Int: 16    God:
Gold:   32         SH:  0    Dex: 17    Spells: 6/6 levels left

rFire   . . .      SeeInvis .   a - +2 dagger
rCold   . . .      Faith    .   (no shield)
rNeg    . . .      Spirit   .   b - +0 robe
rPois   .          Reflect  .   i - +0 helmet
rElec   .          Harm     .   (no cloak)
rCorr   .          Rampage  .   (no gloves)
Will    .....                   (no boots)
Stlth   ++++......              (no amulet)
HPRegen 0.06/turn               (no ring)
MPRegen 0.10/turn               (no ring)

@: about to teleport
A: small, no large weapons, nightstalker 3
a: no special abilities


You were on level 2 of the Dungeon.
You visited 1 branch of the dungeon, and saw 2 of its levels.

You collected 32 gold pieces.

Inventory:

Hand Weapons
 a - a +2 dagger (weapon)
Missiles
 e - 2 poisoned darts (quivered)
Armour
 b - a +0 robe (worn)
 i - a +0 helmet (worn)
Scrolls
 d - 2 scrolls of teleportation
 f - a scroll of blinking {unknown}
 g - a scroll of poison {unknown}
Potions
 c - 2 potions of invisibility


   Skills:
 + Level 3.6 Short Blades
 - Level 2.4 Dodging
 - Level 4.0 Stealth
 - Level 2.1 Spellcasting
 - Level 3.0 Hexes


You had 6 spell levels left.
You didn't know any spells.
Your spell library contained the following spells:

 Spells                   Type           Power      Damage    Failure   Level
 Ensorcelled Hibernation  Hex/Ice        12%        N/A       17%         2
 Confusing Touch          Hex            11%        N/A       19%         3
 Tukima's Dance           Hex            11%        N/A       19%         3
 Dazzling Flash           Conj/Hex       12%        N/A       32%         3


Dungeon Overview and Level Annotations

Branches:
Dungeon (2/15)

Altars:

Shops:
D:1 (

Annotations:
D:2 Natasha


Innate Abilities, Weirdness & Mutations

You are small and have problems with some larger weapons.
You are completely attuned to the shadows.


Message History

Unknown command.
As you read the scroll labelled JOXACLI ZIDA YMA, it crumbles to dust.
You assume a fearsome visage.
Natasha looks frightened!
The crimson imp looks frightened!
It was a scroll of fear.
The crimson imp blinks! x2
Unknown command.
As you read the scroll labelled SASTAM BOZIFE, it crumbles to dust.
It is a scroll of enchant weapon.
Your +1 dagger glows red for a moment.
The crimson imp blinks!
You miss the crimson imp.
The crimson imp blinks!
As you read the scroll labelled ESYTYB UPIUD, it crumbles to dust.
It is a scroll of identify.
d - 3 scrolls of teleportation The crimson imp blinks! x2
Found a throwing net.
Natasha mumbles some strange words.
Natasha claws you.
You see here 4 poisoned darts.
You hit Natasha.
Your attack snaps Natasha out of her fear.
Natasha is heavily wounded.
Natasha misses you.
You hit Natasha.
Natasha is heavily wounded.
Natasha claws you.
You hit Natasha.
Natasha is almost dead.
Natasha closely misses you.
The crimson imp blinks!
You hit Natasha but do no damage.
Natasha is almost dead.
You feel yourself speed up. Natasha claws you. The crimson imp misses you.
Natasha mumbles some strange words.
You closely miss Natasha.
Natasha is almost dead.
The crimson imp hits you.
Okay, then.
As you read the scroll of teleportation, it crumbles to dust.
You feel strangely unstable. Natasha claws you.
You die...

##### ...##
######..?##
......<....
###.#.#.#.
#55...# #
#@#...#
#h#(..#
#.#...#
#.#...# #(#


You could see an iron imp (summoned), Natasha and a crimson imp (summoned).

Vanquished Creatures
  A ball python (D:1)
  An endoplasm (D:1)
  3 giant cockroaches (D:1)
  2 hobgoblins (D:1)
  A quokka (D:1)
  2 bats (D:1)
  3 frilled lizards (D:1)
  3 kobolds (D:1)
  4 rats (D:1)
20 creatures vanquished.

Notes
Turn   | Place    | Note
-------+----------+-------------------------------------------
     0 | D:1      | Radix the Kobold Enchanter began the quest for the Orb.
     0 | D:1      | Reached XP level 1. HP: 10/10 MP: 3/3
   221 | D:1      | Found a faded altar of an unknown god.
   235 | D:1      | Reached XP level 2. HP: 15/15 MP: 5/5
   770 | D:1      | Found Tieclole's Antique Weapon Boutique.
  1231 | D:1      | Reached XP level 3. HP: 19/19 MP: 6/6
  1247 | D:2      | Noticed Natasha
  1279 | D:2      | Slain by Natasha

Illustrated notes

Levels and vault maps discovered:
D:1:      minmay_arrival_plants_in_alcoves, layout_loops_corners, serial_shops,
          shop, dreamdust_ecumenical_altar_grove
D:2:      layout_basic, uniq_natasha

Skill      XL: |  1  2 |
---------------+-------+-----
Short Blades   | 2 3 |  3.6
Dodging        | |  2.4
Stealth        | |  4.0
Spellcasting   | |  2.1
Hexes          | |  3.0

Action                   || total
-------------------------++-------
Melee: Dagger            ||    74
Throw: Dart              ||     4
  Use: Scroll            ||     4
       Potion            ||     2
 Stab: Sleeping          ||    12
Armor: Robe              ||    10
Dodge: Dodged            ||    42
